 Dungeon Crawl Stone Soup version 0.17-a0-1635-gd4e48f1 (webtiles) character file.

2741 urechis the Covert (level 9, -5/39 HPs)
             Began as a Spriggan Enchanter on Aug 4, 2015.
             Slain by a troll (15 damage)
             ... on level 9 of the Dungeon.
             The game lasted 00:24:50 (8003 turns).

urechis the Covert (Spriggan Enchanter)             Turns: 8003, Time: 00:24:50

Health: -5/39      AC: 10    Str:  4    XL:     9   Next: 40%
Magic:  17/18      EV: 22    Int: 16    God:
Gold:   360        SH:  0    Dex: 20    Spells: 5 memorised, 6 levels left

rFire  . . .     SeeInvis +     a - +2 short sword (venom)
rCold  . . .     Clarity  .     u - +1 robe
rNeg   . . .     SustAt   .     (shield restricted)
rPois  +         Gourm    .     r - +1 hat
rElec  .         Spirit   .     k - +1 cloak
rCorr  .         Warding  .     (gloves unavailable)
rMut   .         Stasis   .     (boots unavailable)
MR     +....                    (no amulet)
Stlth  ++++++....               n - ring of poison resistance
                                j - +4 ring of protection

@: very quick, somewhat resistant to hostile enchantments, very stealthy
A: unfitting armour, see invisible, herbivore 3, speed 3, slow metabolism 2
a: no special abilities


You were on level 9 of the Dungeon.
You were not hungry.

You visited 1 branch of the dungeon, and saw 7 of its levels.
You also visited: Ossuary.

You collected 360 gold pieces.

Inventory:

Hand weapons
 a - a +2 short sword of venom (weapon)
 b - a +2 dagger of holy wrath
Armour
 k - a +1 cloak (worn)
 r - a +1 hat (worn)
 u - a +1 robe (worn)
Jewellery
 j - a +4 ring of protection (left hand)
 n - a ring of poison resistance (right hand)
Magical devices
 q - a wand of cold (5)
Scrolls
 e - 6 scrolls of remove curse {unknown}
 i - 3 scrolls of amnesia {unknown}
 m - 9 scrolls of identify {unknown}
 o - 5 scrolls of teleportation {unknown}
 p - 2 scrolls of enchant weapon {unknown}
 s - a scroll of magic mapping {unknown}
 y - a scroll of fear {unknown}
 z - 3 scrolls of random uselessness {unknown}
 B - 3 scrolls of immolation {unknown}
 D - a scroll of blinking {unknown}
 E - 2 scrolls of fog {unknown}
 G - a scroll of holy word {unknown}
Potions
 g - a potion of resistance {unknown}
 h - 5 potions of heal wounds {unknown}
 l - 5 potions of degeneration {unknown}
 t - 6 potions of curing {unknown}
 v - 2 potions of flight {unknown}
 w - 2 potions of ambrosia {unknown}
 x - 3 potions of poison {unknown}
 A - a potion of lignification {unknown}
 C - a potion of haste {unknown}
 F - a potion of might {unknown}
Books
 f - a book of Unlife

   Spells                             Type                      Level
   a - Recall                         Summoning/Translocation      3
   b - Animate Dead                   Necromancy                   4
   c - Control Undead                 Necromancy                   4
   d - Cigotuvi's Embrace             Necromancy                   5
   e - Death Channel                  Necromancy                   6
   f - Simulacrum                     Ice/Necromancy               6
Comestibles
 d - 2 bread rations


   Skills:
 + Level 7.0 Short Blades
 + Level 6.0 Dodging
 * Level 13.0 Stealth
 + Level 5.4 Spellcasting
 + Level 5.8 Hexes
 + Level 4.7 Evocations


You had 6 spell levels left.
You knew the following spells:

 Your Spells              Type           Power        Failure   Level  Hunger
a - Corona                Hex            ###....      1%          1    None
b - Ensorcelled Hibernat  Hex/Ice        ##....       10%         2    #......
c - Confuse               Hex            ###.....     4%          3    ###....
d - Tukima's Dance        Hex            ###.....     4%          3    ###....
e - Dazzling Spray        Conj/Hex       ##......     14%         3    ###....


Dungeon Overview and Level Annotations

Branches:
Dungeon (9/15)
 Temple: D:4-7         Lair: D:8-11         Orc: D:9-12

Altars:
Fedhas
Makhleb
Vehumet

Shops:
D:8 *:


Innate Abilities, Weirdness & Mutations

You are tiny and cannot use many weapons and most armour.
You have supernaturally acute eyesight.
You are a herbivore.
You cover ground extremely quickly.
You need consume almost no food.


Message History

The troll bites you! The troll barely misses you.
The troll claws you but does no damage.
You hit the troll but do no damage.
The troll looks even sicker.
The troll is lightly wounded.
You hit the troll but do no damage.
The troll is lightly wounded.
The troll barely misses you. The troll completely misses you.
The troll claws you.
* * * LOW HITPOINT WARNING * * *
You are too injured to fight recklessly!
You are too injured to fight recklessly!
You hit the troll.
The troll is moderately wounded.
The troll completely misses you. x2
The troll claws you but does no damage.
You hit the troll.
The troll is heavily wounded.
The troll closely misses you. x2
The troll claws you!
You die...

#..###.##.....##..
#......##.....####
##.############
#.# #.# ##.## ##
##...###.##
#..>..#...##
#.....@T...#
#.........##
##...###..%...
##### ######


You could see a troll.

Vanquished Creatures
  A wraith (D:9)
  A deep elf mage (D:8)
  Eustachio (D:4)
  3 wyverns (D:9)
  A sky beast (D:9)
  An ice beast (D:8)
  An ogre (D:8)
  2 big kobolds
  2 centaurs
  3 giant frogs (D:8)
  3 scorpions
  2 hounds
  A crimson imp (D:8)
  An orc priest (D:4)
  A giant frog zombie (D:4)
  A giant frog skeleton (D:9)
  A gnoll shaman (D:8)
  3 human zombies (Ossuary)
  4 orc wizards
  A quasit (D:9)
  5 worker ants
  2 iguanas
  2 big kobold zombies (Ossuary)
  4 mummies (Ossuary)
  A worker ant zombie (D:5)
  6 gnolls (D:8)
  8 adders
  5 oozes
  3 worms
  2 giant geckos (D:1)
  20 orcs
  3 giant cockroaches
  8 hobgoblins
  4 jackals
  38 kobolds
  4 ball pythons
  7 bats
  A giant gecko zombie (D:3)
  3 giant newts
  6 goblins
  A goblin zombie (Ossuary)
  A hobgoblin zombie (Ossuary)
  An orc zombie (Ossuary)
  A quokka skeleton (D:8)
  10 rats
180 creatures vanquished.

Vanquished Creatures (others)
  A plant (D:4)
1 creature vanquished.

Grand Total: 181 creatures vanquished

Notes
Turn   | Place    | Note
--------------------------------------------------------------
     0 | D:1      | urechis the Spriggan Enchanter began the quest for the Orb.
     0 | D:1      | Reached XP level 1. HP: 9/9 MP: 5/5
   168 | D:1      | Reached skill level 5 in Stealth
   310 | D:1      | Reached XP level 2. HP: 11/13 MP: 6/6
   570 | D:1      | Reached skill level 6 in Stealth
   949 | D:2      | Reached XP level 3. HP: 16/16 MP: 8/8
  1448 | D:2      | Reached skill level 7 in Stealth
  2461 | D:3      | Reached XP level 4. HP: 19/21 MP: 9/9
  2534 | D:3      | HP: 1/21 [orc priest/divine providence (15)]
  2958 | D:3      | Reached skill level 8 in Stealth
  3654 | D:3      | Reached XP level 5. HP: 21/24 MP: 10/10
  3659 | D:3      | Reached skill level 9 in Stealth
  3967 | D:4      | Found a sand-covered staircase.
  3976 | Ossuary  | Entered an ossuary
  4030 | Ossuary  | Reached skill level 10 in Stealth
  4034 | Ossuary  | Reached XP level 6. HP: 23/28 MP: 11/11
  4577 | D:4      | Noticed Eustachio
  4584 | D:4      | Killed Eustachio
  4584 | D:4      | Reached skill level 5 in Short Blades
  4584 | D:4      | Reached XP level 7. HP: 32/32 MP: 12/12
  4888 | D:3      | Learned a level 2 spell: Ensorcelled Hibernation
  4892 | D:3      | Learned a level 3 spell: Confuse
  5288 | D:4      | Reached skill level 1 in Evocations
  5598 | D:4      | Noticed a big kobold
  5639 | D:4      | Killed a big kobold
  6067 | D:5      | Entered Level 5 of the Dungeon
  6067 | D:5      | Found a blossoming altar of Fedhas.
  6425 | D:5      | Reached XP level 8. HP: 9/36 MP: 14/14
  6524 | D:5      | You fall through a shaft for 3 floors!
  6851 | D:8      | Reached skill level 11 in Stealth
  6998 | D:8      | Found Wanlejuph's Book Shop.
  7130 | D:8      | Found a burning altar of Makhleb.
  7131 | D:8      | Found a radiant altar of Vehumet.
  7134 | D:8      | Reached skill level 5 in Hexes
  7225 | D:8      | Reached skill level 5 in Dodging
  7225 | D:8      | Reached skill level 12 in Stealth
  7376 | D:8      | Found Uziwuz's General Store.
  7404 | D:8      | Learned a level 3 spell: Tukima's Dance
  7408 | D:8      | Learned a level 3 spell: Dazzling Spray
  7679 | D:9      | Reached XP level 9. HP: 39/39 MP: 17/17
  7836 | D:9      | Reached skill level 5 in Spellcasting
  7930 | D:9      | Reached skill level 13 in Stealth
  7970 | D:9      | Found a blossoming altar of Fedhas.
  7992 | D:9      | Noticed a troll
  8003 | D:9      | Slain by a troll

Vault maps used:
D:1:      ncdulo_smallfort
D:3:      hangedman_decor_clover_reticule
D:4:      kennysheep_kobold_camp, nicolae_ossuary_entry_monument, uniq_eustachio
D:5:      basic_altar, first_bread
D:8:      grunt_temple_overflow_lords_of_destruction, serial_shops,
          kennysheep_mini, shop
D:9:      grunt_temple_overflow_holy_war, fedhas_altar_2
Ossuary:  ossuary_crypta

Action                   |  1- 3 |  4- 6 |  7- 9 || total
-------------------------+-------+-------+-------++-------
Melee: Dagger            |   161 |   224 |   285 ||   670
       Short sword       |       |       |   174 ||   174
 Cast: Corona            |     3 |     3 |     8 ||    14
 Stab: Sleeping          |    28 |     9 |    24 ||    61
       Distracted        |     2 |     3 |     1 ||     6
  Eat: Bread ration      |       |       |     1 ||     1
       Fruit             |       |       |     1 ||     1
